AoeStats
← Hunting_Jack090

Arabia

506149592Analyzed
1v1 RM · 21d ago on Sep 12, 2026· 81m 10s· 2 players
Game mode
Random Map
Map size
Tiny (2 player)
Population
200
Speed
Normal
Resources
Standard
Victory
Conquest
Starting age
Dark Age
Ending age
Imperial Age
RankedLock teamsTeams togetherTeam positionsShared explorationLock speedFull tech treeHidden civsTurbo modeCheats
Victory
Defeat
🇩🇪 Britons · Germany
827
+16
🇫🇮 Goths · Finland
825
-16
Tompp1
1:55 Loom
12:32 Feudal Age
12:54 Horse Collar
16:27 Castle Age
14:56 Double-Bit Axe
16:47 Forging
17:03 Fletching
17:42 Padded Archer Armor
17:26 Elite Skirmisher
21:28 Heavy Plow
26:15 Bodkin Arrow
31:44 Squires
34:05 Bow Saw
36:54 Pikeman
40:27 Leather Archer Armor
42:43 Anarchy
45:24 Crossbowman
48:35 Iron Casting
Hunting_Jack090
7:12 Loom
8:24 Loom
10:12 Feudal Age
12:26 Double-Bit Axe
13:57 Fletching
15:11 Padded Archer Armor
19:25 Town Watch
22:06 Castle Age
20:42 Town Watch
21:36 Wheelbarrow
21:45 Scale Mail Armor
22:44 Bodkin Arrow
22:56 Scale Barding Armor
22:15 Crossbowman
23:05 Pikeman
25:52 Squires
26:29 Leather Archer Armor
26:30 Chain Mail Armor
26:19 Town Watch
27:17 Ballistics
26:56 Murder Holes
29:40 Bow Saw
29:13 Treadmill Crane
30:01 Town Patrol
33:12 Light Cavalry
39:22 Imperial Age
40:27 Conscription
42:45 Yeomen
41:52 Elite Longbowman
43:37 Hand Cart
47:09 Chemistry
47:12 Warwolf
51:32 Bracer
52:02 Ring Archer Armor
51:37 Devotion
68:38 Stone Mining
Connection lost

Rejoining the realm…

Still unreachable

The connection could not be restored.

Session expired

The server has moved on; the page needs a fresh start.